 Dungeon Crawl Stone Soup version 0.26.1-11-gd32895ea62 (webtiles) character file.

Game seed: 4340066683318192146

128 Almogavar the Chopper (level 5, 0/46 HPs)
             Began as a Hill Orc Fighter on Apr 22, 2021.
             Succumbed to a goblin's poison
             ... on level 2 of the Dungeon.
             The game lasted 00:04:16 (2171 turns).

Almogavar the Chopper (Hill Orc Fighter)            Turns: 2171, Time: 00:04:17

Health: 0/46       AC:  7    Str: 20    XL:     5   Next: 12%
Magic:  5/5        EV:  3    Int:  8    God:
Gold:   118        SH:  9    Dex: 10    Spells: 4/4 levels left

rFire    . . .     SeeInvis .   a - +0 war axe
rCold    . . .     Faith    .   c - +0 kite shield
rNeg     . . .     Spirit   .   b - +0 scale mail
rPois    .         Reflect  .   (no helmet)
rElec    .         Harm     .   (no cloak)
rCorr    .         Rampage  .   (no gloves)
Will     .....                  (no boots)
Stlth    ..........             (no amulet)
HPRegen  0.15/turn              g - -4 ring of evasion (curse)
MPRegen  0.09/turn              (no ring)

@: lethally poisoned (0 -> -4)
A: no striking features
a: no special abilities


You were on level 2 of the Dungeon.
You visited 1 branch of the dungeon, and saw 2 of its levels.

You collected 118 gold pieces.

Inventory:

Hand Weapons
 a - a +0 war axe (weapon)
Armour
 b - a +0 scale mail (worn)
 c - a +0 kite shield (worn)
Jewellery
 g - a cursed -4 ring of evasion (left hand)
Scrolls
 f - a scroll of blinking
 i - a scroll of identify
Potions
 d - 3 potions of might
 e - a potion of brilliance
 h - a potion of ambrosia {unknown}


   Skills:
 + Level 4.3 Fighting
 + Level 4.5 Axes
 + Level 4.0 Armour
 + Level 0.3 Dodging
 + Level 4.2 Shields


You had 4 spell levels left.
You didn't know any spells.
Your spell library was empty.

Dungeon Overview and Level Annotations

Branches:
Dungeon (2/15)

Altars:
Hepliaklqana


Message History

You are too injured to fight recklessly!
You feel sick. You block the goblin's attack.
The hobgoblin hits you but does no damage.
You see here a hand axe.
You hit the goblin but do no damage. You hit the hobgoblin but do no damage.
You feel sick.
The goblin hits you with a +0 long sword.
* * * LOW HITPOINT WARNING * * *
The hobgoblin hits you with a cursed +0 flail!
* * * LOW HITPOINT WARNING * * *
You hit the goblin.
The goblin is severely wounded.
You hit the hobgoblin but do no damage.
The goblin hits you with a +0 long sword.
* * * LOW HITPOINT WARNING * * *
The hobgoblin barely misses you.
You slash the goblin!
You kill the goblin!
You hit the hobgoblin but do no damage.
You die...

#....# #.########.##..... #.#..#
#.##...<...####### #..(##
#.##.#####.###.... ##.##
###...[..^...##.#.## #.#
#........##....###.. #.#
##.#..#.#.###.##.#.#. #.#
.........###.###.##( #.#
#.#).........# #.##. #.#
##.#@##...#######.### #####.#
#.)g................. .(.##.# #
#.[#.#....######.....
##.##.####.##<.#.#.#..# #..###
#.#.....#.......#.#..######..###
#.#.###.####(.#.#.#.............
#.#.# #...)....(.....######.####
#.#.###.####..#(#.##.######.# #
#..รท.....###..............).# #


You could see a hobgoblin.

Vanquished Creatures
  Jessica (D:2)
  3 adders (D:2)
  A worm (D:2)
  5 dart slugs
  3 leopard geckos (D:1)
  An orc (D:2)
  8 bats
  5 giant cockroaches
  11 goblins
  3 hobgoblins
  A quokka (D:2)
  2 frilled lizards
  11 kobolds
  4 rats (D:1)
59 creatures vanquished.

Notes
Turn   | Place    | Note
-------+----------+-------------------------------------------
     0 | D:1      | Almogavar the Hill Orc Fighter began the quest for the Orb.
     0 | D:1      | Reached XP level 1. HP: 19/19 MP: 1/1
    74 | D:1      | Reached XP level 2. HP: 12/27 MP: 2/2
   453 | D:1      | Reached XP level 3. HP: 33/33 MP: 3/3
  1230 | D:2      | Reached XP level 4. HP: 40/40 MP: 4/4
  1325 | D:2      | Noticed Jessica
  1347 | D:2      | Killed Jessica
  1642 | D:2      | Reached XP level 5. HP: 46/46 MP: 5/5
  2089 | D:2      | Found a hazy altar of Hepliaklqana.
  2169 | D:2      | HP: 2/46 [hobgoblin/cursed +0 flail (7)]
  2171 | D:2      | Succumbed to a goblin's poison

Illustrated notes

Levels and vault maps discovered:
D:1:      minmay_arrival_up_and_down, layout_basic
D:2:      layout_loops_ring, nzn_hepliaklqana_mist_gate, minmay_crystal_room,
          uniq_jessica

Skill      XL: |  1  2  3  4 |
---------------+-------------+-----
Fighting       | 4 |  4.3
Axes           | 3 4 |  4.5
Shields        | 4 |  4.2
Armour         | 4 |  4.0
Dodging        | |  0.3

Action                   |  1- 3 |  4- 6 || total
-------------------------+-------+-------++-------
Melee: War axe           |   129 |   100 ||   229
  Use: Scroll            |     1 |     2 ||     3
Armor: Scale mail        |    76 |    58 ||   134
Dodge: Dodged            |    43 |     9 ||    52
Block: Kite shield       |    85 |    55 ||   140
